 Dungeon Crawl Stone Soup version 0.20.1-1-g8b1a95d (webtiles) character file.

27673 mortelune the Severer (level 13, 0/122 HPs)
             Began as a Minotaur Fighter on Nov 1, 2017.
             Was the Champion of Okawaru.
             Killed by divine providence
             ... invoked by an orc high priest
              (15 damage)
             ... on level 2 of the Orcish Mines.
             The game lasted 01:33:47 (14756 turns).

mortelune the Severer (Minotaur Fighter)           Turns: 14756, Time: 01:33:47

Health: 0/122      AC: 23    Str: 26    XL:     13   Next: 5%
Magic:  12/12      EV:  9    Int:  3    God:    Okawaru [******]
Gold:   1623       SH:  3    Dex: 10    Spells: 12/12 levels left

rFire    + . .     SeeInvis .   j - +9 executioner's axe "Feotid" {freeze, +Fly Int+2}
rCold    x . .     Gourm    .   (shield currently unavailable)
rNeg     . . .     Faith    .   I - +0 plate armour
rPois    .         Spirit   .   x - +2 hat
rElec    .         Reflect  +   V - +1 cloak
rCorr    +         Harm     .   k - +0 pair of gloves "Betos" {MR+ Regen+ Int-4}
MR       +....                  G - +0 pair of boots
Stlth    ..........             E - +3 amulet of reflection
Regen    0.7/turn               o - ring of resist corrosion
MPRegen  0.2/turn               a - ring of fire

@: about to teleport
A: retaliatory headbutt, horns 2
a: Heroism, Finesse, Renounce Religion, Evoke Flight


You were on level 2 of the Orcish Mines.
You worshipped Okawaru.
Okawaru was exalted by your worship.
You were not hungry.

You visited 2 branches of the dungeon, and saw 14 of its levels.

You collected 1662 gold pieces.
You spent 39 gold pieces at shops.

Inventory:

Hand Weapons
 b - a +2 broad axe of venom
 j - the +9 executioner's axe "Feotid" (weapon) {freeze, +Fly Int+2}
   (Okawaru gifted it to you on level 10 of the Dungeon)

   It has been specially enchanted to freeze those struck by it, causing extra
   injury to most foes and up to half again as much damage against particularly
   susceptible opponents.
   It can also slow down cold-blooded creatures.
   It affects your intelligence (+2).
   It lets you fly.
Armour
 k - the +0 pair of gloves "Betos" (worn) {MR+ Regen+ Int-4}
   (You found it on level 12 of the Dungeon)

   It affects your intelligence (-4).
   It affects your resistance to hostile enchantments.
   It increases your rate of regeneration.
 s - the +2 hat of Okawaru's Generosity {-Tele Regen+ SInv}
   (Okawaru gifted it to you on level 11 of the Dungeon)

   It lets you see invisible.
   It prevents most forms of teleportation.
   It increases your rate of regeneration.
 x - a +2 hat (worn)
 F - a +2 ring mail of fire resistance
 G - a +0 pair of boots (worn)
 I - a +0 plate armour (worn)
 S - a +0 pair of gloves
 V - a +1 cloak (worn)
Jewellery
 a - a ring of fire (right hand)
 m - an uncursed ring of fire
 o - a ring of resist corrosion (left hand)
 A - an uncursed ring of flight
 E - a +3 amulet of reflection (around neck)
 O - an uncursed ring of ice
Wands
 l - a wand of iceblast (9/15)
 n - a wand of polymorph (7/24)
 p - a wand of polymorph (7/24)
 q - a wand of paralysis (11/24)
 v - a wand of confusion (34/48)
 B - a wand of lightning (7/15)
 H - a wand of confusion (34/48)
 L - a wand of scattershot (2/9)
Scrolls
 h - a scroll of enchant armour
 i - a scroll of noise
 w - 2 scrolls of teleportation
 y - 2 scrolls of immolation
 z - a scroll of fear
 M - a scroll of remove curse
 N - a scroll of fog
 Q - 2 scrolls of recharging
Potions
 d - a potion of might
 e - 2 potions of agility
 t - 4 potions of mutation
 u - 2 potions of cancellation
 C - 3 potions of brilliance
 D - a potion of haste {unknown}
 J - 3 potions of curing
 K - a potion of berserk rage {unknown}
 R - 3 potions of ambrosia {unknown}
 T - 2 potions of lignification {unknown}
Comestibles
 f - 10 bread rations
 g - 5 meat rations


   Skills:
 + Level 13.2 Fighting
 * Level 17.5 Axes
 + Level 13.4 Armour
 + Level 2.5 Dodging
   Level 3.6 Shields


You had 12 spell levels left.
You didn't know any spells.

Dungeon Overview and Level Annotations

Branches:
Dungeon (12/15)            Temple (0/1) D:6            Lair (0/6) D:11
    Orc (2/2) D:10            Elf (0/3) Orc:2

Altars:
Cheibriados
Dithmenos
Gozag
Makhleb
Nemelex Xobeh
Okawaru
Qazlal
Trog
Vehumet
Xom
The Shining One
Beogh

Shops:
D:5 (   D:11 :   Orc:1 ?   Orc:2 [

Annotations:
D:1 exclusion: downstairs
D:9 5 runed doors


Innate Abilities, Weirdness & Mutations

You reflexively headbutt those who attack you in melee.
You have a pair of horns on your head.


Message History

* * * LOW HITPOINT WARNING * * *
The ynoxinul gestures.
You can move again.
You see here a bolt.
As you read the scroll of teleportation, it crumbles to dust.
You feel strangely unstable.
The orc high priest no longer looks unusually strong.
The orc sorcerer no longer looks unusually strong.
The sun demon hits you!
* * * LOW HITPOINT WARNING * * *
You are engulfed in flames!
You resist.
* * * LOW HITPOINT WARNING * * *
The ufetubus barely misses you.
The ufetubus hits you but does no damage.
You block the hellwing's attack. The hellwing barely misses you.
The orc sorcerer casts a spell.
The orc high priest mumbles some strange prayers to Beogh.
The orc high priest calls down the wrath of Beogh upon you.
Beogh smites you!
You die...

##..... ##..###..#.(...#....
....o.. ... #.....<.#.###..
.....o. ###.####......####...
..oo. #....##[.......###... ...
##....#.([(......##... .#
#.......)#........#... #
####....[()###........... ##
###....4.o#...##........... .###
#......o43@...##..#........
[..#####....4oo54....##.#....^...
...)).......5o.54.....###.......#
..[..(4....5[4........# #......##
##[.....[(.3[.........# ##....##
.##......55#.(.......## ##.#.#
...........#........... #####
........................
.......................#


You could see an orc knight, 2 orc high priests, a sun demon, 3 hellwings, a
ynoxinul, 2 chaos spawn, an orc sorcerer, a red devil, an orc and 6 ufetubi.

Vanquished Creatures
  An orc warlord (Orc:1)
  Fannar (Orc:1)
  A queen ant (D:10)
  The ghost of DasRunzen the Destroyer, a journeyman TeVM of Okawaru (D:10)
  2 two-headed ogres
  A deep elf knight (Orc:2)
  An orc high priest (Orc:2)
  An unseen horror (D:11)
  Pikel (D:5)
  5 orc knights (Orc:2)
  An ugly thing (D:11)
  4 orc sorcerers (Orc:2)
  Maurice (D:8)
  Joseph (D:9)
  The ghost of mmigdal the Cudgeler, a novice DsAK of Lugonu (D:6)
  5 trolls
  Prince Ribbit (D:7)
  4 hippogriffs
  7 yaks
  A wraith (D:11)
  Eustachio (D:4)
  A hungry ghost (D:7)
  6 wargs
  2 vampire mosquitoes (D:12)
  21 soldier ants
  A water moccasin (D:12)
  3 sky beasts
  A hornet zombie (D:9)
  37 orc warriors
  An ice beast (D:10)
  3 slaves (D:5)
  A black bear (D:9)
  5 ogres
  7 centaurs
  3 phantoms
  A necrophage (D:7)
  A crocodile (D:12)
  4 bullfrogs
  2 scorpions
  6 killer bees (D:12)
  4 wights (D:9)
  2 howler monkeys
  A bullfrog zombie (D:9)
  A centaur zombie (D:6)
  3 crimson imps
  A quasit (D:11)
  23 orc priests
  7 jellies
  A bullfrog skeleton (D:11)
  4 centaur skeletons
  5 hounds
  An iguana (D:7)
  24 orc wizards
  Jessica (D:2)
  22 worker ants
  A hound skeleton (D:7)
  3 worker ant zombies
  Robin (D:2)
  A howler monkey skeleton (D:7)
  11 adders
  14 gnolls
  2 shadow imps
  2 oozes
  2 worms
  3 dart slugs
  4 leopard geckos
  103 orcs
  4 giant cockroaches
  7 goblins
  10 hobgoblins
  12 jackals
  3 quokkas (D:4)
  2 ball pythons
  7 bats
  15 frilled lizards
  3 kobolds (D:2)
  A leopard gecko skeleton (D:7)
  9 rats
468 creatures vanquished.

Vanquished Creatures (others)
  An adder (D:5)
  An orc (Orc:1)
2 creatures vanquished.

Grand Total: 470 creatures vanquished

Notes
Turn   | Place    | Note
-------+----------+-------------------------------------------
     0 | D:1      | mortelune the Minotaur Fighter began the quest for the Orb.
     0 | D:1      | Reached XP level 1. HP: 19/19 MP: 0/0
   152 | D:1      | Reached skill level 3 in Axes
   172 | D:1      | Reached XP level 2. HP: 27/27 MP: 1/1
  1069 | D:2      | Noticed Robin
  1074 | D:1      | Reached XP level 3. HP: 31/33 MP: 2/2
  1161 | D:2      | Killed Robin
  1172 | D:2      | Reached skill level 4 in Axes
  1237 | D:2      | Found an opulent altar of Gozag.
  1299 | D:2      | Noticed Jessica
  1301 | D:2      | Killed Jessica
  1301 | D:2      | Reached XP level 4. HP: 40/40 MP: 3/3
  1892 | D:3      | Found an iron altar of Okawaru.
  1899 | D:3      | Reached XP level 5. HP: 37/47 MP: 4/4
  1902 | D:3      | Reached skill level 5 in Axes
  1908 | D:3      | Became a worshipper of Warmaster Okawaru
  2200 | D:3      | Reached skill level 5 in Armour
  2427 | D:4      | Reached skill level 5 in Fighting
  2432 | D:4      | Reached XP level 6. HP: 46/56 MP: 5/5
  2600 | D:4      | Reached skill level 6 in Axes
  2601 | D:4      | Reached * piety under Okawaru
  3003 | D:4      | Noticed Eustachio
  3027 | D:4      | Killed Eustachio
  3027 | D:4      | Reached skill level 7 in Axes
  3027 | D:4      | Reached XP level 7. HP: 54/62 MP: 4/6
  3348 | D:5      | Entered Level 5 of the Dungeon
  3360 | D:5      | Reached ** piety under Okawaru
  3550 | D:5      | Learned a level 2 spell: Blink
  3578 | D:5      | Noticed Pikel
  3603 | D:5      | Killed Pikel
  3603 | D:5      | Reached skill level 8 in Axes
  3603 | D:5      | Reached XP level 8. HP: 35/73 MP: 5/7
  4013 | D:5      | Reached skill level 9 in Axes
  4020 | D:5      | Found Motwomea's Weapon Boutique.
  4622 | D:6      | Found a staircase to the Ecumenical Temple.
  4664 | D:6      | Found a shadowy altar of Dithmenos.
  4707 | D:6      | Noticed mmigdal's ghost (novice DsAK)
  4728 | D:6      | Killed mmigdal's ghost
  4728 | D:6      | Reached *** piety under Okawaru
  4878 | D:6      | Reached skill level 10 in Axes
  4901 | D:6      | Reached XP level 9. HP: 78/81 MP: 8/8
  4959 | D:6      | Found a shimmering altar of Xom.
  4960 | D:6      | Found a bloodstained altar of Trog.
  4960 | D:6      | Found a glowing golden altar of the Shining One.
  4960 | D:6      | Found a stormy altar of Qazlal.
  4967 | D:6      | Found a burning altar of Makhleb.
  4967 | D:6      | Found a radiant altar of Vehumet.
  5176 | D:7      | Noticed Prince Ribbit
  5189 | D:7      | Killed Prince Ribbit
  5336 | D:7      | Reached **** piety under Okawaru
  5336 | D:7      | Reached skill level 11 in Axes
  5656 | D:7      | Found a snail-covered altar of Cheibriados.
  5711 | D:7      | Paralysed by fainting for 12 turns
  5786 | D:7      | Paralysed by fainting for 10 turns
  6527 | D:8      | Got an encrusted leather armour
  6538 | D:8      | Identified the +1 leather armour of Activism {Slay+2} (You found it on level 8 of the Dungeon)
  6590 | D:8      | Noticed Maurice
  6644 | D:8      | Killed Maurice
  6644 | D:8      | Reached ***** piety under Okawaru
  6644 | D:8      | Reached skill level 12 in Axes
  7319 | D:9      | Reached XP level 10. HP: 88/91 MP: 9/9
  7323 | D:9      | Noticed Joseph
  7339 | D:9      | Killed Joseph
  7656 | D:9      | Reached skill level 10 in Fighting
  7665 | D:9      | Reached skill level 13 in Axes
  7665 | D:9      | Reached skill level 10 in Armour
  8228 | D:9      | Found a runed gate.
  8229 | D:9      | Found a runed door.
  8243 | D:9      | Found a runed gate.
  8243 | D:9      | Found a runed gate.
  8257 | D:9      | Found a runed door.
  8511 | D:10     | Entered Level 10 of the Dungeon
  8986 | D:10     | Noticed a queen ant
  9003 | D:10     | Killed a queen ant
  9003 | D:10     | Reached XP level 11. HP: 81/101 MP: 7/10
  9005 | D:10     | Reached skill level 14 in Axes
  9234 | D:10     | Reached ****** piety under Okawaru
  9234 | D:10     | Received a gift from Okawaru
  9237 | D:10     | Got a steaming executioner's axe {god gift}
  9244 | D:10     | Identified the +9 executioner's axe "Feotid" {freeze, +Fly Int+2} (Okawaru gifted it to you on level 10 of the Dungeon)
  9251 | D:10     | Noticed DasRunzen's ghost (journeyman TeVM)
 10179 | D:10     | Killed DasRunzen's ghost
 10283 | D:10     | Found a staircase to the Orcish Mines.
 10565 | D:11     | Noticed a white ugly thing
 10571 | D:11     | Killed a white ugly thing
 10688 | D:11     | Reached skill level 15 in Axes
 10965 | D:11     | Found a staircase to the Lair.
 10991 | D:11     | Noticed a two-headed ogre
 10993 | D:11     | Killed an unseen horror
 10993 | D:11     | Received a gift from Okawaru
 10999 | D:11     | Killed a two-headed ogre
 11002 | D:11     | Got a shimmering hat {god gift}
 11008 | D:11     | Identified the +2 hat of Okawaru's Generosity {-Tele Regen+ SInv} (Okawaru gifted it to you on level 11 of the Dungeon)
 11356 | D:11     | Found a sparkling altar of Nemelex Xobeh.
 11457 | D:11     | Found Nonefihu's Book Emporium.
 11811 | D:12     | Reached XP level 12. HP: 112/112 MP: 11/11
 11995 | D:12     | Got a pair of fine gloves
 12006 | D:12     | Identified the +0 pair of gloves "Betos" {MR+ Regen+ Int-4} (You found it on level 12 of the Dungeon)
 12440 | D:12     | Noticed a seven-headed hydra
 12612 | Orc:1    | Entered Level 1 of the Orcish Mines
 12612 | Orc:1    | Found Guodghibe's Magic Scroll Shop.
 12624 | Orc:1    | Reached skill level 16 in Axes
 12632 | Orc:1    | Bought a scroll of teleportation for 39 gold pieces
 12780 | Orc:1    | Noticed an orc warlord
 12805 | Orc:1    | Killed an orc warlord
 13015 | Orc:2    | Entered Level 2 of the Orcish Mines
 13322 | Orc:2    | Received a gift from Okawaru
 13485 | Orc:2    | Found a staircase to the Elven Halls.
 13654 | Orc:2    | Noticed an orc high priest
 13662 | Orc:2    | Killed an orc high priest
 13702 | Orc:2    | Reached skill level 17 in Axes
 14010 | Orc:2    | Found Eshot's Armour Shoppe.
 14036 | Orc:2    | Found a roughly hewn altar of Beogh.
 14068 | Orc:2    | Reached skill level 1 in Dodging
 14080 | Orc:2    | Noticed an orc high priest
 14084 | Orc:2    | Noticed an orc high priest
 14089 | Orc:2    | Noticed an orc high priest
 14162 | Orc:1    | Noticed a two-headed ogre
 14169 | Orc:1    | Killed a two-headed ogre
 14310 | Orc:1    | Noticed Fannar
 14318 | Orc:1    | Killed Fannar
 14594 | Orc:1    | Identified a scroll of acquirement
 14664 | Orc:2    | Reached XP level 13. HP: 103/122 MP: 12/12
 14753 | Orc:2    | Paralysed by an orc sorcerer for 3 turns
 14756 | Orc:2    | Killed from afar by an orc high priest

Skill      XL: |  1  2  3  4  5  6  7  8  9 10 11 12 |
---------------+-------------------------------------+-----
Axes           | 3 4 5 7 8 10 12 13 15 17 | 17.5
Armour         | 4 5 7 9 10 12 13 | 13.4
Fighting       | 4 5 7 9 10 12 13 | 13.2
Dodging        | 2 |  2.5
Shields        | |  3.6

Action                   |  1- 3 |  4- 6 |  7- 9 | 10-12 | 13-15 || total
-------------------------+-------+-------+-------+-------+-------++-------
Melee: War axe           |   105 |   120 |   395 |   234 |       ||   854
       Headbutt          |    16 |    18 |    73 |   105 |     3 ||   215
       Executioner's axe |       |       |       |   370 |     7 ||   377
Invok: Heroism           |       |     1 |     4 |     6 |       ||    11
Evoke: Wand              |       |       |       |     3 |     1 ||     4
  Use: Potion            |       |     1 |       |     1 |       ||     2
       Scroll            |       |       |    10 |    17 |     1 ||    28
  Eat: Chunk             |     1 |     6 |     9 |    19 |       ||    35
       Meat ration       |       |       |     1 |     1 |     1 ||     3
       Royal jelly       |       |       |     1 |       |       ||     1
       Fruit             |       |       |     1 |       |       ||     1
Armor: Scale mail        |    31 |       |       |       |       ||    31
       Chain mail        |    15 |    76 |    95 |       |       ||   186
       Plate armour      |       |       |    95 |   442 |    14 ||   551
Dodge: Dodged            |    28 |    29 |    43 |   188 |     8 ||   296
Block: Shield            |    52 |    73 |   201 |   103 |       ||   429
       Reflection        |       |       |     4 |    10 |       ||    14
       Other             |       |       |       |    42 |     2 ||    44
